 Dungeon Crawl Stone Soup version 0.27-a0-1590-g15f69828bf (webtiles) character file.

Game seed: 2570358368564381998

10628 lightspider the Fighter (level 11, -9/157 HPs)
             Began as a Hill Orc Fighter on July 18, 2021.
             Was an Elder of Beogh.
             Killed by divine providence
             ... invoked by a meliai
              (15 damage)
             ... on level 10 of the Dungeon on July 19, 2021.
             The game lasted 00:41:21 (14822 turns).

lightspider the Fighter (Hill Orc Fighter)         Turns: 14822, Time: 00:41:22

Health: -9/157     AC: 17    Str: 23    XL:     11   Next: 65%
Magic:  11/11      EV:  7    Int:  8    God:    Beogh [****..]
Gold:   749        SH:  0    Dex: 10    Spells: 10/10 levels left

rFire    . . .     SeeInvis .   w - +2 great sword
rCold    . . .     Faith    .   (shield currently unavailable)
rNeg     . . .     Spirit   .   l - +1 plate armour
rPois    .         Reflect  .   (no helmet)
rElec    .         Harm     .   (no cloak)
rCorr    .         Rampage  .   f - +0 pair of gloves
Will     .....                  (no boots)
Stlth    ..........             g - amulet of regeneration
HPRegen  1.36/turn              B - ring of flight
MPRegen  0.12/turn              (no ring)

@: berserking (expiring), flying, very quick
A: no striking features
a: Renounce Religion, Smiting, Recall Orcish Followers


You were on level 10 of the Dungeon.
You worshipped Beogh.
Beogh was greatly pleased with you.
You visited 1 branch of the dungeon, and saw 10 of its levels.

You collected 749 gold pieces.

Inventory:

Hand Weapons
 a - a +1 long sword
 m - a +0 long sword
 w - a +2 great sword (weapon)
Missiles
 u - 8 boomerangs (quivered)
 x - 8 curare-tipped darts
Armour
 b - a +0 scale mail
 c - a +0 kite shield
 f - a +0 pair of gloves (worn)
 l - a +1 plate armour (worn)
 y - the +2 leather armour of Ficuf {Dex+4 SInv}
   (You found it on level 7 of the Dungeon)

   Dex:       It affects your dexterity (+4).
   SInv:      It lets you see invisible.
Jewellery
 g - an amulet of regeneration (around neck)
 r - a ring of positive energy
 B - a ring of flight (left hand)
Wands
 d - a wand of iceblast (27)
 q - a wand of mindburst (9)
 A - a wand of paralysis (13)
 D - a wand of flame (5)
Scrolls
 i - 2 scrolls of fear
 t - 2 scrolls of silence
 z - 3 scrolls of teleportation
 C - 2 scrolls of magic mapping
 E - a scroll of enchant armour
Potions
 h - 6 potions of degeneration
 j - 4 potions of curing
 k - a potion of lignification
 n - a potion of cancellation
 o - 2 potions of attraction
 p - a potion of resistance
 s - a potion of mutation {unknown}
 v - a potion of flight {unknown}


   Skills:
 + Level 12.6 Fighting
 + Level 11.4 Long Blades
 + Level 11.7 Armour
 - Level 3.4 Shields


You had 10 spell levels left.
You didn't know any spells.
Your spell library contained the following spells:

 Spells                   Type           Power      Damage    Failure   Level
 Animate Skeleton         Necr           0%         N/A       99%         1
 Apportation              Tloc           0%         N/A       99%         1
 Corona                   Hex            0%         N/A       99%         1
 Magic Dart               Conj           0%         1d3       99%         1
 Summon Small Mammal      Summ           0%         N/A       99%         1
 Searing Ray              Conj           0%         3d3       100%        2
 Static Discharge         Conj/Air       0%         N/A       100%        2
 Dazzling Flash           Conj/Hex       0%         N/A       100%        3
 Teleport Other           Tloc           0%         N/A       100%        3
 Fulminant Prism          Conj/Hex       0%         3d6       100%        4
 Summon Ice Beast         Ice/Summ       0%         N/A       100%        4
 Agony                    Necr           0%         N/A       100%        5
 Blade Hands              Tmut           0%         N/A       100%        5
 Excruciating Wounds      Necr           0%         N/A       100%        5
 Irradiate                Conj/Tmut      0%         3d13      100%        5
 Lightning Bolt           Conj/Air       0%         1d11      100%        5
 Manifold Assault         Tloc           0%         N/A       100%        5
 Silence                  Hex/Air        0%         N/A       100%        5
 Summon Mana Viper        Hex/Summ       0%         N/A       100%        5
 Dispersal                Tloc           0%         N/A       100%        6
 Dragon Form              Tmut           0%         N/A       100%        7
 Monstrous Menagerie      Summ           0%         N/A       100%        7
 Maxwell's Capacitive Co  Air            0%         ∞         100%        8


Dungeon Overview and Level Annotations

Branches:
Dungeon (10/15)            Temple (0/1) D:4            Lair (0/6) D:10
    Orc (0/2) D:9

Altars:
Dithmenos
Fedhas
Hepliaklqana
Ru
Trog
The Shining One

Shops:
D:5 =


Message History

There is an open door here.
The meliai calls down the wrath of its god upon the two-headed ogre.
Something smites you!
There is an open door here.
You barely miss the two-headed ogre.
The two-headed ogre is lightly wounded.
The meliai mumbles some strange prayers to its god against you.
Something smites you!
The two-headed ogre hits you with a +0 dire flail!
The two-headed ogre hits you but does no damage.
The meliai calls down the wrath of its god upon you.
Something smites you!
* * * LOW HITPOINT WARNING * * *
Okay, then.
Okay, then.
Okay, then.
A red film seems to cover your vision as you go berserk!
You feel yourself moving faster!
You feel mighty!
The two-headed ogre hits you with a +0 dire flail.
* * * LOW HITPOINT WARNING * * *
The two-headed ogre hits you with a +0 giant club!
* * * LOW HITPOINT WARNING * * *
You slice the two-headed ogre!!
The two-headed ogre is moderately wounded.
You slash the two-headed ogre!
The two-headed ogre is heavily wounded.
The two-headed ogre hits you with a +0 dire flail.
* * * LOW HITPOINT WARNING * * *
The two-headed ogre hits you with a +0 giant club.
* * * LOW HITPOINT WARNING * * *
You slice the two-headed ogre!!
You kill the two-headed ogre!
Beogh accepts your kill.
The meliai calls down the wrath of its god upon you.
Something smites you!
* * * LOW HITPOINT WARNING * * *
You feel a strong urge to attack something.
The meliai calls down the wrath of its god upon you.
Something smites you!
You die...

#.........#
##.###.#.### #.
#.#######.# ####.#
#.###### #† #.# #.#
##....#
#.##..^####. #.#
#.###.....#
#.#...##.##. #.#
#.........#
#.....##.##. #.#
#.###.....#
#..._.##.##. #.#
#.# ##...##
#.....##†##. #.#
#.# ##.##
#.#...##.#.. #..
..# ##@#
#.##..'.##.. ###
#..# #.#######>..
##y## #.##### ####
#8y8# #...#.#
#8.8#####.#.#.#
#.#.#8K8#.#.#...#.#
#..'...'..###.##.#
#...##8##...##....#
#'## ######K##..###


You could see a vampire mosquito, a meliai and a kobold.

Vanquished Creatures
  A two-headed ogre (D:10)
  A cyclops (D:9)
  An unseen horror (D:10)
  2 trolls
  A hornet (D:10)
  15 yaks
  A vampire (D:10)
  A wraith (D:9)
  A wyvern (D:8)
  2 steam dragons
  A water moccasin (D:6)
  2 ice beasts
  2 orc warriors (D:9)
  3 sky beasts
  5 black bears
  4 wolves (D:10)
  5 centaurs
  2 ogres
  A phantom (D:5)
  A kobold brigand (D:10)
  3 scorpions
  3 bullfrogs
  A wyvern zombie (D:4)
  A water moccasin skeleton (D:4)
  A wyvern skeleton (D:7)
  4 killer bees (D:9)
  5 howler monkeys
  14 wights
  5 electric eels
  5 centaur zombies
  2 bullfrog zombies
  4 orc priests
  A gnoll shaman (D:8)
  3 hounds (D:10)
  A bullfrog skeleton (D:5)
  2 jellies
  Ijyb (D:4)
  2 iguanas (D:10)
  8 orc wizards
  A hound skeleton (D:4)
  A howler monkey zombie (D:9)
  4 gnolls (D:8)
  10 adders
  A shadow imp (D:8)
  3 worms
  4 dart slugs
  28 orcs
  6 endoplasms
  8 giant cockroaches
  12 goblins
  5 hobgoblins
  13 jackals
  5 kobolds
  6 quokkas
  5 ball pythons
  4 bats
  A frilled lizard (D:3)
  2 goblin zombies (D:8)
  3 hobgoblin zombies (D:8)
  A kobold zombie (D:8)
  5 rats
246 creatures vanquished.

Vanquished Creatures (collateral kills)
  7 yaks (D:9)
  A bullfrog (D:5)
  3 killer bees (D:9)
  A wight (D:9)
  2 centaur zombies (D:9)
  4 orcs (D:9)
18 creatures vanquished.

Vanquished Creatures (others)
  3 orc warriors
  3 orc priests (D:9)
  An orc wizard (D:4)
  An ufetubus (D:4)
  14 orcs
  A hobgoblin (D:4)
23 creatures vanquished.

Grand Total: 287 creatures vanquished

Notes
Turn   | Place    | Note
-------+----------+-------------------------------------------
     0 | D:1      | lightspider the Hill Orc Fighter began the quest for the
                  | Orb.
     0 | D:1      | Reached XP level 1. HP: 19/19 MP: 1/1
    81 | D:1      | Reached skill level 4 in Fighting
    81 | D:1      | Reached XP level 2. HP: 23/27 MP: 2/2
   561 | D:1      | Reached XP level 3. HP: 29/33 MP: 3/3
  1233 | D:2      | Reached XP level 4. HP: 41/41 MP: 4/4
  1402 | D:2      | Found a faded altar of an unknown god.
  2744 | D:3      | Reached XP level 5. HP: 43/47 MP: 5/5
  2926 | D:4      | Became a worshipper of Beogh the Brigand
  3106 | D:4      | Reached skill level 5 in Fighting
  3717 | D:4      | Reached skill level 5 in Armour
  3717 | D:4      | Reached XP level 6. HP: 48/56 MP: 6/6
  3722 | D:4      | Noticed Ijyb
  3739 | D:4      | Killed Ijyb
  3963 | D:4      | Found a staircase to the Ecumenical Temple.
  4431 | D:4      | Found a hazy altar of Hepliaklqana.
  4463 | D:5      | Entered Level 5 of the Dungeon
  4484 | D:5      | Reached * piety under Beogh
  4485 | D:5      | Reached skill level 6 in Fighting
  4601 | D:5      | Noticed a black bear
  4605 | D:5      | Reached XP level 7. HP: 57/63 MP: 7/7
  4614 | D:5      | Reached skill level 5 in Long Blades
  4789 | D:5      | Found a sacrificial altar of Ru.
  4911 | D:5      | Reached skill level 7 in Fighting
  4911 | D:5      | Reached XP level 8. HP: 48/73 MP: 8/8
  5442 | D:5      | Found a shadowy altar of Dithmenos.
  5552 | D:5      | Found Herril's Jewellery Shop.
  5819 | D:6      | Reached skill level 8 in Fighting
  6443 | D:6      | Reached XP level 9. HP: 32/82 MP: 9/9
  7214 | D:6      | Reached skill level 9 in Fighting
  8277 | D:7      | Reached ** piety under Beogh
  8650 | D:7      | Identified the +2 leather armour of Ficuf {Dex+4 SInv}
  9378 | D:7      | Got Xeri's Grimoire of Doomed Orientation
  9503 | D:8      | Reached skill level 10 in Fighting
  9679 | D:8      | Found a blossoming altar of Fedhas.
  9774 | D:8      | Found a glowing golden altar of the Shining One.
 10009 | D:8      | Reached XP level 10. HP: 61/93 MP: 10/10
 10666 | D:9      | Reached *** piety under Beogh
 10692 | D:9      | Found a staircase to the Orcish Mines.
 11302 | D:9      | Reached skill level 10 in Armour
 11311 | D:9      | Reached skill level 11 in Fighting
 11717 | D:9      | Reached skill level 10 in Long Blades
 11775 | D:9      | Noticed a cyclops
 11780 | D:9      | Killed a cyclops
 11787 | D:9      | Reached **** piety under Beogh
 11960 | D:9      | Reached XP level 11. HP: 12/104 MP: 11/11
 13077 | D:10     | Entered Level 10 of the Dungeon
 13167 | D:10     | Reached skill level 12 in Fighting
 13535 | D:10     | Found a bloodstained altar of Trog.
 13685 | D:10     | Paralysed by a hornet for 3 turns
 13690 | D:10     | Paralysed by a hornet for 2 turns
 14042 | D:10     | HP: 4/104 [electric eel/bolt of electricity (8)]
 14047 | D:10     | HP: 4/104 [electric eel/bolt of electricity (7)]
 14169 | D:10     | Found a staircase to the Lair.
 14802 | D:10     | Noticed a two-headed ogre
 14802 | D:10     | Noticed a tengu warrior
 14803 | D:10     | Noticed a two-headed ogre
 14803 | D:10     | Noticed a red ugly thing
 14820 | D:10     | Killed a two-headed ogre
 14820 | D:10     | HP: 4/157 [meliai/divine providence (13)]
 14822 | D:10     | Killed from afar by a meliai

Illustrated notes

Levels and vault maps discovered:
D:1:      minmay_arrival_four_houses, layout_basic
D:2:      layout_loops_corners, hellmonk_ecumenical_altar_arch_garden
D:3:      layout_loops_ring
D:4:      kennysheep_the_goblin_king, layout_basic,
          mainiacjoe_overflow_surrounded_room,
          minmay_temple_entry_drinking_statues
D:5:      layout_cave_pools, mainiacjoe_overflow_alcove_4,
          amcnicky_altar_gilded, serial_shops, shop
D:6:      layout_loops_ring, gup_sewer_entry_pipe, kennysheep_cluttered_room
D:7:      layout_layer_cave, feat_on_display
D:8:      layout_loops_ring, nicolae_tso_besieged_by_evil,
          mainiacjoe_overflow_cross_hatched
D:9:      layout_gridville, hiddenorc2_lemuel, eino_tiny_chamber,
          minmay_joined_circles
D:10:     minmay_chambers_of_sevens, layout_loops_ring, trog_butcher_becter,
          erik_lair_island, kennysheep_generic_room_12

Skill      XL: |  1  2  3  4  5  6  7  8  9 10 11 |
---------------+----------------------------------+-----
Fighting       | 4 5 6 7 8 10 11 12 | 12.6
Long Blades    | 3 4 5 7 9 10 11 | 11.4
Armour         | 4 5 6 7 9 10 11 | 11.7
Shields        | |  3.4

Action                   |  1- 3 |  4- 6 |  7- 9 | 10-12 || total
-------------------------+-------+-------+-------+-------++-------
Melee: Long sword        |    73 |   226 |   237 |       ||   536
       Great sword       |       |       |   123 |   313 ||   436
Invok: Convert to Beogh  |       |     1 |       |       ||     1
       Recall Orcish Fol |       |       |       |     2 ||     2
Evoke: Wand              |       |       |     4 |     1 ||     5
  Use: Scroll            |     1 |     6 |    12 |     2 ||    21
       Potion            |       |     1 |     3 |     6 ||    10
 Stab: Distracted        |       |       |     1 |     1 ||     2
       Confused          |       |       |       |     1 ||     1
Armor: Scale mail        |    41 |    50 |       |       ||    91
       Plate armour      |       |    62 |   310 |   265 ||   637
Dodge: Dodged            |    21 |    62 |   106 |   135 ||   324
Block: Kite shield       |    37 |   113 |   105 |       ||   255
       Rpst.: Long sword |     7 |    17 |    10 |       ||    34
       Great sword       |       |       |    10 |    33 ||    43

Table legend: (Time is in decaauts)
 A = Elapsed time spent in this place.
 B = Non-inter-level travel time spent in this place.
 C = Inter-level travel time spent in this place.
 D = Time resting spent in this place.
 E = Time spent auto-exploring this place.
 F = Levels seen in this place.
 G = Mean time per level.
                   A        B        C        D        E       F      G
               +--------+--------+--------+--------+--------+-----+--------+
         Total |  15150 |  14786 |    364 |   3741 |   7923 |  10 | 1515.0 |
       Dungeon |  15150 |  14786 |    364 |   3741 |   7923 |  10 | 1515.0 |
               +--------+--------+--------+--------+--------+-----+--------+

Top non-repeatable levels by time:
     D:9: 2523 daAuts
     D:6: 2057 daAuts
    D:10: 1767 daAuts
     D:4: 1625 daAuts
     D:5: 1560 daAuts
     D:7: 1498 daAuts
     D:2: 1362 daAuts
     D:8: 1144 daAuts
     D:1: 826 daAuts
     D:3: 784 daAuts
